[Event "*** SCC Grand Prix: Titled Tuesday Blitz"]
[Site "Chess.com"]
[Date "2020.06.02"]
[Round "6"]
[White "Margarita2907"]
[Black "gumimis"]
[Result "1-0"]
[WhiteElo "2066"]
[BlackElo "2126"]
[TimeControl "180+1"]
[EndTime "11:09:32 PDT"]
[Termination "Margarita2907 won on time"]

1. e4 c5 2. Nf3 d6 3. d4 cxd4 4.
Nxd4 Nf6 5. Nc3 a6 6. Be2 e5 7.
Nb3 Be7 8. O-O O-O 9. Be3 Be6 10.
Qd3 Nbd7 11. Nd5 Bxd5 12. exd5 b5 13. a4 b4 14. a5 Qc7 15. Rac1 Qb7 16. Rfd1 Rfc8 17.
Bf3 Bf8 18. Nd2 Nc5 19. Bxc5 Rxc5 20. Nb3 Rc7 21. c4 bxc3 22. Rxc3 Rxc3 23. Qxc3 Rc8 24. Qe3 g6 25. g3 Bg7 26. Rd2 e4 27. Bg2 Nxd5 28.
Qxe4 Qxb3 29. Qxd5 Rc1+ 30. Bf1 Qxd5 31. Rxd5 Bxb2 32.
Rxd6 Ra1 33. Rxa6 Bc3 34. Ra8+ Kg7 35. a6 Bd4 36. Kg2 Ra2 37. Bc4 Rxf2+ 38. Kh3 Kf6 39. Rf8 1-0

[Event "*** SCC Grand Prix: Titled Tuesday Blitz"]
[Site "Chess.com"]
[Date "2020.06.02"]
[Round "6"]
[White "fischercapa"]
[Black "Titus369"]
[Result "0-1"]
[WhiteElo "2365"]
[BlackElo "2578"]
[TimeControl "180+1"]
[EndTime "11:09:33 PDT"]
[Termination "Titus369 won by checkmate"]

1. e4 c5 2. Nf3 d6 3. d4 cxd4 4.
Nxd4 Nf6 5. Nc3 a6 6. Bg5 e6 7. f3 Be7 8. Qd2 h6 9. Be3 b5 10.
O-O-O Qc7 11. Kb1 b4 12. Nce2 Nbd7 13. g4 Bb7 14. h4 d5 15. e5 Nxe5 16. Bf4 Bd6 17.
Bxe5 Bxe5 18. Qxb4 Nd7 19. f4 Bd6 20. Qd2 Nc5 21. Bg2 Qb6 22. f5 e5 23. Nb3 d4 24. Nexd4 exd4 25. Rhe1+ Kf8 26. Bxb7 Nxb7 27. Nxd4 Rd8 28. Qe3 Kg8 29. f6 g6 30. h5 Bc5 31.
c3 Qxf6 32. Rf1 Qg7 33. hxg6 Qxg6+ 34. Ka1 Bxd4 35. Rxd4 Rxd4 36. Qxd4 Nd6 37. Rf6 Qg5 38. Rxd6 Qc1# 0-1

[Event "*** SCC Grand Prix: Titled Tuesday Blitz"]
[Site "Chess.com"]
[Date "2020.06.02"]
[Round "6"]
[White "Danfii"]
[Black "ZverevLev"]
[Result "1-0"]
[WhiteElo "2432"]
[BlackElo "2226"]
[TimeControl "180+1"]
[EndTime "11:09:33 PDT"]
[Termination "Danfii won on time"]

1. e4 c5 2. Nf3 d6 3. d4 cxd4 4. Nxd4 Nf6 5. Nc3 a6 6. Be3 e6 7. g4 Be7 8. g5 Nfd7 9. h4 Nc6 10. Qd2 Qc7 11. O-O-O b5 12. Nxc6 Qxc6 13. Bg2 Qc7 14. h5 Bb7 15. g6 hxg6 16. hxg6 Rxh1 17. gxf7+ Kxf7 18. Rxh1 Nf6 19. a3 Rc8 20. f4 Ng4 21. Bd4 e5 22. fxe5 dxe5 23. Rf1+ Bf6 24. Bg1 Rh8 25.
Nd5 Bxd5 26. exd5 Qd6 27. Kb1 e4 28. Bd4 Qxd5 29. Qc3 Kg6 30. Bxf6 Nxf6 31. Qg3+ Kf7 32. Qc7+ Kg6 33. Rg1 Ng4 34. Bf3 exf3 35. Rxg4+ Kh5 36. Qxg7 Qf5 37. Rg3 f2 38. Qxh8+ 1-0

[Event "*** SCC Grand Prix: Titled Tuesday Blitz"]
[Site "Chess.com"]
[Date "2020.06.02"]
[Round "6"]
[White "GmSergioBarrientos"]
[Black "neurisdr"]
[Result "0-1"]
[WhiteElo "2594"]
[BlackElo "2771"]
[TimeControl "180+1"]
[EndTime "11:09:34 PDT"]
[Termination "neurisdr won by resignation"]

1. d4 Nf6 2. Nf3 g6 3. g3 Bg7 4. Bg2 O-O 5. O-O d6 6. a4 a5 7. c4 c6 8. Nc3 Na6 9. b3 Nb4 10. Bb2 Re8 11. Qd2 Qc7 12. Rac1 e5 13. c5 e4 14. cxd6 Qxd6 15. Ne1 Qe6 16. Qd1 e3 17. f4 Ng4 18. Ne4 f5 19. Nc5 Qf7 20. Ned3 Nd5 21. Ne5 Qe7 22. h3 Ngf6 23. Qc2 Be6 24. Rfd1 Kh8 25.
Ba3 Bg8 26. Qb2 Qc7 27. Rc2 Rad8 28. Kh2 Nh5 29. Ncd3 Ndf6 30. b4 Bd5 31. bxa5 Ne4 32. Qb6 Qxb6 33. axb6 Nexg3 34. Nc5 Bxg2 35. Kxg2 Nxe2 36.
Nf7+ Kg8 37. Nxd8 Nexf4+ 38. Kf3 e2 39. Re1 Rxd8 40. Rexe2 Nxe2 41. Rxe2 Bxd4 42. Nxb7 Rb8 43. Nd6 Rxb6 44. Re8+ Kg7 45. Re7+ Kf6 46. Ne8+ Kg5 47. Bc1+ Kh4 48. Rxh7 Rb3+ 49. Ke2 Kg3 50. a5 f4 51. Rf7 f3+ 52. Kd1 Rb1 53. Kc2 Ra1 54. Bd2 f2 55.
Nd6 f1=Q 56. Ne4+ Kg2 57. Rxf1 Rxf1 0-1

[Event "*** SCC Grand Prix: Titled Tuesday Blitz"]
[Site "Chess.com"]
[Date "2020.06.02"]
[Round "6"]
[White "csati17"]
[Black "jb2mix"]
[Result "1-0"]
[WhiteElo "2582"]
[BlackElo "2698"]
[TimeControl "180+1"]
[EndTime "11:09:34 PDT"]
[Termination "csati17 won on time"]

1. c4 e5 2. g3 Nf6 3. Bg2 d5 4.
cxd5 Nxd5 5. Nc3 Nb6 6. Nf3 Nc6 7. O-O Be7 8. a3 O-O 9. b4 Re8 10. Rb1 Bf8 11. b5 Nd4 12. e3 Nxf3+ 13. Bxf3 Bf5 14. Bxb7 Rb8 15. Be4 Bxe4 16. Nxe4 a6 17. d3 axb5 18.
Rxb5 Ra8 19. Qb3 Qd7 20. Bb2 Bxa3 21. Bxe5 Bf8 22. Bb2 Nc8 23. Rg5 Kh8 24. Nf6 Qd8 25.
Nxe8 Qxg5 26. Qxf7 Qe7 27. Qxe7 Nxe7 28. Nxc7 Ra2 29. Be5 Nc6 30. Bf4 Nb4 31. Ne6 Be7 32.
Rb1 h6 33. Be5 Nxd3 34. Bxg7+ Kg8 35. Rb7 Kf7 36. Nf4 Nxf2 37. Bd4 Ke8 38. Nd5 Bd8 39. Rh7 Ng4 40. h3 1-0

[Event "*** SCC Grand Prix: Titled Tuesday Blitz"]
[Site "Chess.com"]
[Date "2020.06.02"]
[Round "6"]
[White "AnthonyWirig"]
[Black "JosefineHeinemann"]
[Result "1/2-1/2"]
[WhiteElo "2700"]
[BlackElo "2566"]
[TimeControl "180+1"]
[EndTime "11:09:34 PDT"]
[Termination "Game drawn by repetition"]

1. d4 Nf6 2. Bg5 Ne4 3. Bf4 c5 4. f3 Nf6 5. dxc5 b6 6. e4 bxc5 7.
Nc3 d6 8. e5 dxe5 9. Qxd8+ Kxd8 10. O-O-O+ Nbd7 11. Bxe5 e6 12. Nh3 h6 13. Nb5 a6 14.
Nd6 Bxd6 15. Bxd6 Ke8 16. a4 Bb7 17. a5 Nd5 18. Nf4 Ne3 19. Rd2 Nf5 20. Bc4 g5 21. Nxe6 fxe6 22. Re1 Nxd6 23. Rxe6+ Kd8 24. Rexd6 Rh7 25.
Be6 Bc8 26. g3 Kc7 27. Bd5 Kxd6 28. Bxa8+ Kc7 29. Be4 Re7 30. Re2 Nf6 31. Bd3 Rxe2 32. Bxe2 Bb7 33. Kd2 Kd6 34. c4 Ke5 35. Ke3 Bc6 36. f4+ gxf4+ 37. gxf4+ Ke6 38. h3 Be4 39. Bd1 Kf5 40. Bg4+ Kg6 41. Bc8 Kf7 42. Bxa6 Ke7 43. Bc8 Kd8 44. Be6 Bb7 45. f5 Ke7 46. Kd3 Ba6 47. Ke3 Kd6 48. Kf4 Nh5+ 49. Kg4 Nf6+ 50. Kf4 Nh5+ 51. Kg4 Nf6+ 52. Kf4 1/2-1/2

[Event "*** SCC Grand Prix: Titled Tuesday Blitz"]
[Site "Chess.com"]
[Date "2020.06.02"]
[Round "6"]
[White "BlackBoarder"]
[Black "ural58"]
[Result "1-0"]
[WhiteElo "2637"]
[BlackElo "2450"]
[TimeControl "180+1"]
[EndTime "11:09:34 PDT"]
[Termination "BlackBoarder won by resignation"]

1. e4 d5 2. exd5 Qxd5 3. Nf3 Bg4 4. Nc3 Qd7 5. h3 Bh5 6. Be2 Nc6 7. O-O O-O-O 8. b4 e5 9. b5 Bxf3 10. Bxf3 Nd4 11. Rb1 f5 12. d3 Nf6 13. Re1 Bd6 14. Be3 Rhe8 15. a4 h6 16. a5 g5 17. a6 b6 18. Bxd4 exd4 19. Ne2 Qe7 20. Bc6 Qe5 21.
g3 Re7 22. Qd2 f4 23. Nxf4 Qf5 24. Rxe7 Bxe7 25. Ng2 Qxh3 26. Qe2 Bd6 27. Ne1 Qf5 28. Nf3 Bc5 29. Re1 h5 30. Qe6+ Qxe6 31. Rxe6 Nd5 32.
Nxg5 Nb4 33. Bb7+ Kb8 34. Nf7 Rf8 35. Ne5 c6 36. Nd7+ Kc7 37. Nxf8 Bxf8 38. bxc6 Nxc2 39. Rf6 Be7 40. Rf7 Kd6 41. c7 Kxc7 42. Rxe7+ Kd6 43. Rh7 b5 44. Rxh5 b4 45. Rb5 Kc7 46. Rc5+ 1-0

[Event "*** SCC Grand Prix: Titled Tuesday Blitz"]
[Site "Chess.com"]
[Date "2020.06.02"]
[Round "6"]
[White "Stewie_89"]
[Black "Happy1712Drummer"]
[Result "1-0"]
[WhiteElo "2628"]
[BlackElo "2450"]
[TimeControl "180+1"]
[EndTime "11:09:34 PDT"]
[Termination "Stewie_89 won by checkmate"]

1. e4 c6 2. d4 d5 3. Nd2 dxe4 4. Nxe4 Nf6 5. Nxf6+ exf6 6. Be3 Bd6 7. Bc4 Qc7 8. Ne2 O-O 9. Qd2 Nd7 10. O-O-O b5 11. Bd3 Nb6 12. Bf4 Be6 13. Kb1 Nd5 14. Bxd6 Qxd6 15. Ng3 Nb4 16. a3 Nxd3 17. Qxd3 Qd5 18. b3 a5 19. f4 f5 20. Rhe1 a4 21. Re5 Qxg2 22. b4 g6 23. Rd2 Qh3 24. Kb2 Qh4 25. Qe3 Rfe8 26. Rg2 Kf8 27. Re2 Rad8 28. Qc3 Qe7 29. d5 cxd5 30. Rxe6 Qxe6 31. Qh8+ Ke7 32. Rxe6+ Kxe6 33. Qe5+ Kd7 34. Qxd5+ Ke7 35. Qc5+ Kf6 36. Qxb5 Re6 37. Qxa4 Rde8 38. Qb5 h5 39. a4 Kg7 40.
a5 h4 41. Nf1 Re4 42. a6 Rxf4 43. a7 Ree4 44. c3 Re8 45. a8=Q Rf2+ 46. Kb3 Rxa8 47. Qe5+ Kg8 48. Ne3 Raa2 49. Nd5 Rab2+ 50. Kc4 Rbe2 51. Nf6+ Kf8 52. Qd6+ Kg7 53. Nd7 Rg2 54. Qf8+ Kh7 55. Nf6# 1-0

[Event "*** SCC Grand Prix: Titled Tuesday Blitz"]
[Site "Chess.com"]
[Date "2020.06.02"]
[Round "6"]
[White "1977Ivan"]
[Black "2nd_life"]
[Result "1-0"]
[WhiteElo "2593"]
[BlackElo "2432"]
[TimeControl "180+1"]
[EndTime "11:09:34 PDT"]
[Termination "1977Ivan won on time"]

1. d4 Nf6 2. c4 g6 3. Nc3 Bg7 4. e4 O-O 5. Nf3 d6 6. Be2 e5 7. dxe5 dxe5 8. Qxd8 Rxd8 9. Nd5 Nxd5 10. cxd5 c6 11. Bc4 cxd5 12. Bxd5 Nd7 13. Ng5 Rf8 14. f3 Nb6 15. Bb3 h6 16. Nh3 Bd7 17. Be3 Rfc8 18. Rd1 Bb5 19. Bxb6 axb6 20. Nf2 Bc4 21. Bxc4 Rxc4 22.
a3 Rc2 23. Rd2 Rc1+ 24. Nd1 Bf8 25. Ke2 Bc5 26. Nf2 Rxh1 27. Nxh1 Bd4 28. Rc2 b5 29. Nf2 Bxf2 30. Kxf2 b4 31. axb4 Ra4 32. Ke3 Rxb4 33. Kd3 Kf8 34. Rc8+ Ke7 35. Kc3 Rb6 36.
Rc7+ Ke6 37. b4 Rc6+ 38. Rxc6+ bxc6 39. Kc4 Kd6 40. b5 cxb5+ 41. Kxb5 h5 42. h4 f6 43. Kb6 g5 44. g3 1-0

[Event "*** SCC Grand Prix: Titled Tuesday Blitz"]
[Site "Chess.com"]
[Date "2020.06.02"]
[Round "6"]
[White "H16"]
[Black "shineatchess"]
[Result "1-0"]
[WhiteElo "2515"]
[BlackElo "2292"]
[TimeControl "180+1"]
[EndTime "11:09:34 PDT"]
[Termination "H16 won by checkmate"]

1. d4 Nf6 2. c4 e6 3. Nf3 d5 4. Nc3 Be7 5. Bf4 O-O 6. e3 b6 7. cxd5 Nxd5 8. Nxd5 Qxd5 9. Bd3 Bb4+ 10. Ke2 c5 11. a3 Ba5 12. b4 cxb4 13. axb4 Bxb4 14. Qb1 Be7 15. Bxh7+ Kh8 16. Be4 Qc4+ 17. Qd3 Qxd3+ 18.
Kxd3 Ba6+ 19. Kc2 Nc6 20. Bxc6 Rac8 21. Rxa6 Rxc6+ 22. Kd3 Rfc8 23. Rxa7 Rc3+ 24. Ke2 Rc2+ 25. Nd2 Bb4 26. Rd1 Rb2 27. e4 f5 28. f3 fxe4 29.
fxe4 Rf8 30. Be5 Bxd2 31. Rxd2 Rxd2+ 32. Kxd2 Rf2+ 33. Ke3 Rxg2 34. d5 exd5 35. exd5 Kg8 36. d6 Kf8 37. Rxg7 Rxg7 38. Bxg7+ Ke8 39. Kd4 Kd7 40.
Kd5 b5 41. Bb2 b4 42. h4 b3 43. h5 Kd8 44. h6 Ke8 45. h7 Kd7 46. Kc5 Ke6 47. h8=Q Kd7 48. Qg7+ Ke6 49. Qf6+ Kd7 50. Qe7+ Kc8 51. Qc7# 1-0

[Event "*** SCC Grand Prix: Titled Tuesday Blitz"]
[Site "Chess.com"]
[Date "2020.06.02"]
[Round "6"]
[White "albano87"]
[Black "cassoulet"]
[Result "0-1"]
[WhiteElo "2443"]
[BlackElo "2605"]
[TimeControl "180+1"]
[EndTime "11:09:35 PDT"]
[Termination "cassoulet won by resignation"]

1. Nf3 Nf6 2. g3 g6 3. Bg2 Bg7 4. O-O O-O 5. d4 d6 6. a4 Nbd7 7. Re1 a6 8. e4 c5 9. h3 cxd4 10. Nxd4 Nc5 11. Nc3 Bd7 12. b4 Ne6 13. Nxe6 Bxe6 14.
Bb2 Qc8 15. Nd5 Nxd5 16. Bxg7 Ne3 17. Rxe3 Kxg7 18. Qd4+ f6 19. Rc3 Qd7 20. Kh2 Rfc8 21. Rxc8 Rxc8 22. c3 Rc4 23. Qd2 Qc8 24. Ra3 h5 25. f3 Rc7 26. f4 Bc4 27. Ra1 Bb3 28. Ra3 Bf7 29. Ra1 Rxc3 30. e5 dxe5 31. fxe5 Rc2 32.
Qe3 Qc6 33. exf6+ exf6 34. Rg1 h4 35. gxh4 Qd6+ 36. Qg3 Qxb4 37. Kh1 Rc3 38. Bf3 Qb3 39. Rf1 Bd5 40. Kg2 Rxf3 41. Rxf3 Qxf3+ 42. Qxf3 Bxf3+ 43.
Kxf3 b5 44. axb5 axb5 45. Ke3 Kh6 46. Kd4 Kh5 47. Kc5 Kxh4 48. Kxb5 f5 49. Kc4 Kxh3 50.
Kd3 Kg3 51. Ke2 Kg2 52. Ke3 g5 0-1

[Event "*** SCC Grand Prix: Titled Tuesday Blitz"]
[Site "Chess.com"]
[Date "2020.06.02"]
[Round "6"]
[White "ketster"]
[Black "c63_amg"]
[Result "0-1"]
[WhiteElo "2421"]
[BlackElo "2692"]
[TimeControl "180+1"]
[EndTime "11:09:35 PDT"]
[Termination "c63_amg won by checkmate"]

1. d4 Nf6 2. c4 e6 3. Nf3 Bb4+ 4. Bd2 Qe7 5. g3 Bxd2+ 6. Nbxd2 O-O 7. Bg2 d6 8. O-O e5 9. e4 a5 10. Re1 Na6 11.
Qc2 Bg4 12. Qc3 Bxf3 13. Nxf3 exd4 14. Nxd4 Nc5 15. e5 dxe5 16. Nf5 Qd7 17. Rxe5 Nd3 18. Ne7+ Kh8 19. Re3 Nxf2 20. Nd5 Nxd5 21. cxd5 Ng4 22. Ree1 Qd6 23. h3 Nf6 24. Red1 Rfe8 25. Rac1 Re7 26. Kh2 h5 27. Kh1 b6 28. Rd4 Rae8 29. Rd3 Kg8 30. Qc4 Nh7 31. Rdc3 Nf6 32. Rd3 Re1+ 33. Rxe1 Rxe1+ 34. Kh2 Re7 35. Rc3 Qe5 36.
a3 Rd7 37. Qc6 h4 38. Qa8+ Kh7 39. Qc6 hxg3+ 40. Kh1 Qe1+ 41. Bf1 Qxf1# 0-1

[Event "*** SCC Grand Prix: Titled Tuesday Blitz"]
[Site "Chess.com"]
[Date "2020.06.02"]
[Round "6"]
[White "Vlad_Lukiianchuk"]
[Black "Durarbayli"]
[Result "1-0"]
[WhiteElo "2587"]
[BlackElo "2761"]
[TimeControl "180+1"]
[EndTime "11:09:36 PDT"]
[Termination "Vlad_Lukiianchuk won by checkmate"]

1. d4 Nf6 2. c4 e6 3. Nf3 b6 4. a3 Ba6 5. Qc2 Bb7 6. Nc3 c5 7.
dxc5 bxc5 8. Bg5 Be7 9. Rd1 O-O 10. e4 h6 11. Bh4 Nc6 12. e5 Ng4 13. Bg3 f6 14.
exf6 Nxf6 15. Be2 Nd4 16. Nxd4 cxd4 17. Rxd4 Bc5 18. Rd2 Bxg2 19. Rg1 Bh3 20. b4 Be7 21. Be5 Bf5 22. Bd3 Qe8 23. Bxf5 exf5 24. Qxf5 a5 25. Re2 Qf7 26. b5 Rae8 27. b6 Bxa3 28. b7 Bb4 29.
Bxf6 Bxc3+ 30. Bxc3 Rxe2+ 31. Kxe2 Qxc4+ 32. Qd3 Rxf2+ 33. Kxf2 Qxd3 34. Rxg7+ Kf8 35. b8=Q# 1-0

[Event "*** SCC Grand Prix: Titled Tuesday Blitz"]
[Site "Chess.com"]
[Date "2020.06.02"]
[Round "6"]
[White "manitodeplomo"]
[Black "TheNextLevelFan"]
[Result "1-0"]
[WhiteElo "2609"]
[BlackElo "2436"]
[TimeControl "180+1"]
[EndTime "11:09:36 PDT"]
[Termination "manitodeplomo won by resignation"]

1. c4 e5 2. g3 Nf6 3. Bg2 d5 4.
cxd5 Nxd5 5. Nc3 Ne7 6. Nf3 Nbc6 7. O-O g6 8. b4 a6 9. a4 Bg7 10. Rb1 O-O 11. b5 axb5 12. axb5 Nd4 13. d3 h6 14. Nd2 Ra7 15. Nc4 Be6 16. e3 Ndf5 17. b6 cxb6 18. Nxb6 Nc6 19. Ne4 Qe7 20. Qc2 Ra2 21.
Qc5 Qd8 22. Rd1 Re8 23. Qc3 Ra6 24. Nc4 b6 25. Bb2 b5 26. Nc5 b4 27. Qc2 b3 28.
Qxb3 Na5 29. Qc2 Ra7 30. Nxe6 Rxe6 31. Bc3 Nc6 32. Rb6 Qc7 33. Qb2 Nfe7 34. Rb1 Kh7 35. Qb5 Ra2 36. Qb3 Ra7 37. Bb4 Nxb4 38. Qxb4 Nc6 39. Qc5 Nd4 40. Qxc7 Ne2+ 41. Kf1 Nxg3+ 42. hxg3 Rxc7 43. Rxe6 fxe6 44. Ke2 g5 45. Be4+ Kg8 46. Rb7 Kf7 47. Rxc7+ 1-0

[Event "*** SCC Grand Prix: Titled Tuesday Blitz"]
[Site "Chess.com"]
[Date "2020.06.02"]
[Round "6"]
[White "Eloist"]
[Black "witcher8"]
[Result "1-0"]
[WhiteElo "2237"]
[BlackElo "2397"]
[TimeControl "180+1"]
[EndTime "11:09:36 PDT"]
[Termination "Eloist won by resignation"]

1. e4 c6 2. Nf3 d5 3. Nc3 Bg4 4. d4 e6 5. h3 Bh5 6. Bd3 Nf6 7. e5 Nfd7 8. g4 Bg6 9. Bxg6 hxg6 10. Ne2 c5 11. c3 Nc6 12. Kf1 Be7 13. Kg2 b5 14.
Nf4 b4 15. h4 Qa5 16. c4 dxc4 17. d5 Ncxe5 18. dxe6 fxe6 19. Nxe5 Nxe5 20. Qe2 Qc7 21.
Nxe6 Qc6+ 22. f3 Qxe6 23. Re1 Rxh4 24. Qxe5 Qxe5 25. Rxe5 Kf7 26. Rxe7+ Kxe7 27. Bg5+ Kd6 28. Bxh4 Re8 29. Rd1+ Kc6 30. Kf2 a5 31. Bg3 Re6 32. Re1 Rf6 33. Re7 c3 34. bxc3 bxc3 35. Re3 Kb5 36.
Rxc3 Kb4 37. Rc2 c4 38. Be5 Re6 39. Bc3+ Ka4 40. Bxg7 Rd6 41. f4 Kb5 42. f5 gxf5 43. gxf5 Rd4 44. f6 Rd5 45. Ke3 Rf5 46. Rf2 Rxf2 47.
Kxf2 c3 48. f7 c2 49. Bb2 1-0

[Event "*** SCC Grand Prix: Titled Tuesday Blitz"]
[Site "Chess.com"]
[Date "2020.06.02"]
[Round "6"]
[White "Lovinski"]
[Black "Funkmaus"]
[Result "1/2-1/2"]
[WhiteElo "2358"]
[BlackElo "2195"]
[TimeControl "180+1"]
[EndTime "11:09:36 PDT"]
[Termination "Game drawn by repetition"]

1. Nf3 c6 2. g3 d5 3. Bg2 Nf6 4. c4 Bf5 5. cxd5 cxd5 6. Qb3 Qc8 7. Nc3 e6 8. O-O Nc6 9. d3 Be7 10. Be3 O-O 11. Rac1 Qd7 12. Nd4 Bg6 13. Rfd1 Rac8 14. Nxc6 bxc6 15. d4 Rb8 16. Qa4 Rxb2 17. Qa6 Rb6 18.
Qa4 Rfb8 19. Bf4 R8b7 20. f3 Rb4 21. Qa5 Rc4 22. Na4 Rcb4 23. Nc5 Bxc5 24. Rxc5 Nh5 25. Be3 Nf6 26. Rdc1 R4b6 27. Bf4 h6 28. g4 Ne8 29. Qc3 Nd6 30. Bxd6 Qxd6 31. Rxc6 Qf4 32. Rxb6 Rxb6 33. e3 Qg5 34. Kf2 Qh4+ 35. Kg1 h5 36.
Qe1 Qg5 37. gxh5 Bxh5 38. f4 Qg6 39. Kh1 Bg4 40. Qf2 Bf5 41. Rg1 Qh7 42. Bf3 Rb1 43.
Qg3 Rxg1+ 44. Kxg1 Be4 45. Bxe4 Qxe4 46. Kf2 Qc2+ 47. Kf3 Qxa2 48. Qg5 Qc2 49. Qd8+ Kh7 50. Qh4+ Kg8 51. Qd8+ Kh7 52. Qh4+ Kg8 53. Qd8+ 1/2-1/2

[Event "*** SCC Grand Prix: Titled Tuesday Blitz"]
[Site "Chess.com"]
[Date "2020.06.02"]
[Round "6"]
[White "MrChampion_Coach"]
[Black "Ziachess74"]
[Result "1-0"]
[WhiteElo "2458"]
[BlackElo "2588"]
[TimeControl "180+1"]
[EndTime "11:09:37 PDT"]
[Termination "MrChampion_Coach won on time"]

1. e4 c6 2. Nf3 d5 3. Nc3 Bg4 4. d4 Nf6 5. e5 Nfd7 6. Bg5 Qb6 7.
Qd2 e6 8. O-O-O c5 9. Bb5 Nc6 10. Rhe1 Bxf3 11. gxf3 Nxd4 12. Bxd7+ Kxd7 13. Qf4 Ke8 14. Qg4 Qc6 15. f4 h6 16. Bh4 h5 17. Qh3 Be7 18.
Bxe7 Kxe7 19. f5 exf5 20. Qg2 Kf8 21. Rg1 Qh6+ 22. Kb1 Rd8 23. Nxd5 h4 24. c3 h3 25. Qh1 Ne2 26. Rge1 Qh5 27. Qf1 Nd4 28. cxd4 Rxd5 29. dxc5 Rxd1+ 30. Rxd1 g6 31. e6 fxe6 32. Rd7 Qg4 33. Qd3 Qe4 34. Qxe4 fxe4 35. Rxb7 Rh5 36. b4 Ke8 37. c6 Kd8 38. b5 Rf5 39. a4 Rxf2 40.
Rxa7 e3 41. Rd7+ Ke8 42. Rd6 1-0

[Event "*** SCC Grand Prix: Titled Tuesday Blitz"]
[Site "Chess.com"]
[Date "2020.06.02"]
[Round "6"]
[White "zmeeed67"]
[Black "chargemax23"]
[Result "1-0"]
[WhiteElo "2457"]
[BlackElo "2584"]
[TimeControl "180+1"]
[EndTime "11:09:37 PDT"]
[Termination "zmeeed67 won on time"]

1. d4 Nf6 2. c4 d6 3. Nf3 c6 4.
Nc3 Bf5 5. Nh4 Bg6 6. Nxg6 hxg6 7. g3 Nbd7 8. Bg2 e5 9. O-O Be7 10. Rb1 O-O 11. b4 Qc7 12. Bg5 Rfe8 13. Qd3 Bf8 14. h3 Nh7 15. Bc1 f5 16. e4 exd4 17. Qxd4 Nhf6 18.
Bf4 Nh5 19. Bg5 a5 20. b5 a4 21. bxc6 bxc6 22. exf5 gxf5 23. Rfd1 Ra5 24. Be3 Rae5 25.
Qd2 Rxe3 26. fxe3 Nxg3 27. Qf2 d5 28. cxd5 Rxe3 29. Qxe3 Bc5 30. Rd4 Qa7 31. Rbd1 f4 32.
Qe6+ Kh8 33. Kh2 Bxd4 34. Ne4 Nf6 35. Qc8+ Kh7 36. Nxg3 fxg3+ 37. Kxg3 Be5+ 38. Kf3 Bc3 39. Qf5+ Kg8 40. dxc6 1-0

[Event "*** SCC Grand Prix: Titled Tuesday Blitz"]
[Site "Chess.com"]
[Date "2020.06.02"]
[Round "6"]
[White "Gandrade2"]
[Black "Forantes"]
[Result "0-1"]
[WhiteElo "2019"]
[BlackElo "2307"]
[TimeControl "180+1"]
[EndTime "11:09:37 PDT"]
[Termination "Forantes won by checkmate"]

1. d4 Nf6 2. c4 g6 3. Nc3 d5 4. cxd5 Nxd5 5. Bd2 Bg7 6. e4 Nb6 7.
Be3 O-O 8. Nf3 Nc6 9. Be2 Bg4 10. e5 Nb4 11. h3 Be6 12. Qc1 Nc4 13. O-O Nxe3 14.
fxe3 Bh6 15. a3 Nd5 16. Nxd5 Bxd5 17. Qc3 Rc8 18. b4 c6 19. Nd2 f6 20. exf6 exf6 21.
Bf3 f5 22. Rae1 Re8 23. Nc4 Qh4 24. Nd6 Bf8 25. Nxe8 Rxe8 26. Bxd5+ cxd5 27. Qc7 Qf6 28. Qxb7 Qe6 29. Qxa7 Bd6 30. b5 Bb8 31. Qa6 Qe4 32. Qc6 Re6 33. Qc8+ Re8 34. Qc5 Rd8 35. b6 Qh4 36. b7 Qg3 37. Qc7 Qxc7 38. Rc1 Qh2+ 39. Kf2 Qg3+ 40. Ke2 Re8 41. Rf2 Qxe3+ 42. Kf1 Qxc1# 0-1

[Event "*** SCC Grand Prix: Titled Tuesday Blitz"]
[Site "Chess.com"]
[Date "2020.06.02"]
[Round "6"]
[White "Konavets"]
[Black "Kirill_Klukin"]
[Result "1-0"]
[WhiteElo "2970"]
[BlackElo "2723"]
[TimeControl "180+1"]
[EndTime "11:09:38 PDT"]
[Termination "Konavets won by resignation"]

1. e4 c5 2. Nf3 Nc6 3. d4 cxd4 4.
Nxd4 e5 5. Nb5 d6 6. c4 Be7 7. N1c3 a6 8. Na3 Be6 9. Be2 Bg5 10. O-O Bxc1 11. Rxc1 Nf6 12. Nc2 O-O 13. b3 Rc8 14.
Qd2 Qa5 15. Rfd1 Rfd8 16. Bf1 h6 17. f3 b5 18. cxb5 axb5 19. Nxb5 Qa8 20. Ne3 d5 21. exd5 Nxd5 22. Nxd5 Rxd5 23. Qf2 Rxd1 24. Rxd1 Nb4 25. Rd2 Rc1 26. Qb6 Nd5 27. Qf2 Qa5 28. Nd6 Nf4 29. Nc4 Qb4 30. Nxe5 Bh3 31. Nd3 Nxd3 32. Rxd3 Be6 33.
h3 Ra1 34. Kh2 Qb8+ 35. g3 Qa8 36. Rd2 g6 37. Bg2 h5 38. f4 Qa5 39. h4 Kh7 40.
Bf3 Qa3 41. Be4 Qc1 42. Rc2 Qd1 43. Bf3 Qb1 44. Rd2 Bg4 45. Bg2 Qc1 46. Qd4 Qb1 47. Rb2 Qc1 48. b4 Be6 49. b5 Rxa2 50. Rxa2 Bxa2 51.
b6 Qb1 52. b7 Be6 53. Qe5 1-0

[Event "*** SCC Grand Prix: Titled Tuesday Blitz"]
[Site "Chess.com"]
[Date "2020.06.02"]
[Round "6"]
[White "damayito"]
[Black "Cocaino74"]
[Result "0-1"]
[WhiteElo "1654"]
[BlackElo "2303"]
[TimeControl "180+1"]
[EndTime "11:09:38 PDT"]
[Termination "Cocaino74 won on time"]

1. e4 c6 2. Nc3 g6 3. d4 Bg7 4.
Nf3 d5 5. e5 h5 6. Bd3 Nh6 7. Be3 Bf5 8. Qd2 Na6 9. O-O-O Bxd3 10. Qxd3 Nf5 11. Bg5 b5 12. Nh4 Nxh4 13. Bxh4 Nb4 14. Qg3 a5 15. e6 Qd6 16. exf7+ Kxf7 17. Rhe1 Qxg3 18. Rxe7+ Kf8 19. fxg3 Bh6+ 20. Kb1 g5 21.
Re6 Re8 22. Rf1+ Kg7 23. Ref6 Rhf8 24. Rxf8 Rxf8 25. Re1 gxh4 26. gxh4 Bd2 27. Rd1 Bxc3 28. bxc3 Na6 29. Re1 Kf7 30. Kb2 Rg8 31. g3 Rg6 32. Re5 Rh6 33. Rg5 Rh8 34. Kb3 Nc7 35. a4 Ne6 36. Rf5+ Ke7 37. axb5 Rb8 38. Ka4 Rxb5 39.
Rxh5 Rb2 40. Rh7+ Kd6 41. h5 Rxc2 42. h4 Rg2 43. Kxa5 Rxg3 44. Rh8 Rxc3 45. h6 Nxd4 0-1

[Event "*** SCC Grand Prix: Titled Tuesday Blitz"]
[Site "Chess.com"]
[Date "2020.06.02"]
[Round "6"]
[White "Dynamikus"]
[Black "SergeyKarjakin"]
[Result "0-1"]
[WhiteElo "2764"]
[BlackElo "2952"]
[TimeControl "180+1"]
[EndTime "11:09:39 PDT"]
[Termination "SergeyKarjakin won by resignation"]

1. e4 e5 2. f4 exf4 3. Bc4 Qh4+ 4. Kf1 d6 5. Nf3 Qh5 6. Nc3 Be6 7. d3 g5 8. Nb5 Na6 9. Bd2 Bg7 10. Nbd4 Bxc4 11.
dxc4 Ne7 12. Bc3 O-O 13. h4 g4 14. Nh2 f3 15. gxf3 Qxh4 16. Qe2 g3 17. Qg2 h5 18. Ke2 Ng6 19. Bd2 Nf4+ 20. Bxf4 Qxf4 21. Nf5 Rae8 22. Nxg3 Re5 23. Rhg1 Rg5 24. Qf2 Re8 25. Qe3 Qh4 26. Qf2 Qh3 27. Nf5 Qxf5 28. Rxg5 Qxg5 29.
Rg1 Qh6 30. Qg3 Nc5 31. Nf1 Ne6 32. Ne3 Nd4+ 33. Kd3 Re6 34. c3 Rg6 35. Qf2 Rxg1 36. Qxg1 Nxf3 37. Qg3 Ne5+ 38. Kc2 Qg6 39. Qh3 Bf6 40. Nf5 Kh7 41. Qh1 Qg4 42. Ne3 Qe2+ 43. Kb3 Qxe3 44. Qxh5+ Kg7 0-1

[Event "*** SCC Grand Prix: Titled Tuesday Blitz"]
[Site "Chess.com"]
[Date "2020.06.02"]
[Round "6"]
[White "maciek_92"]
[Black "DraG0s3L"]
[Result "1-0"]
[WhiteElo "2792"]
[BlackElo "2511"]
[TimeControl "180+1"]
[EndTime "11:09:39 PDT"]
[Termination "maciek_92 won by checkmate"]

1. e4 e6 2. d4 d5 3. Nc3 Bb4 4.
e5 c5 5. a3 Bxc3+ 6. bxc3 Qc7 7.
Nf3 Ne7 8. h4 Nbc6 9. h5 h6 10.
Rh4 Bd7 11. Rg4 Nf5 12. Bd3 Nce7 13. a4 c4 14. Be2 g5 15. hxg6 Nxg6 16. Ba3 Bxa4 17.
Rxg6 fxg6 18. g4 Ng7 19. Bd6 Qd7 20. Nh4 Kf7 21. Bf1 Rhf8 22. Bxf8 Rxf8 23. f4 Bc6 24. Qf3 Qe7 25. Qg3 g5 26. Nf3 Kg8 27. fxg5 hxg5 28. Be2 b6 29. Kd2 Be8 30. Rh1 Bg6 31. Rh6 Be4 32.
Qh3 Rf4 33. Rh8+ Kf7 34. Nh2 a5 35. Nf1 a4 36. Ng3 a3 37. Ra8 b5 38. Qh8 Kg6 39. Nh5 Rf2 40. Rg8 Rxe2+ 41. Kxe2 Qf7 42. Rxg7+ Qxg7 43. Qxg7# 1-0